 Dungeon Crawl Stone Soup version 0.30-a0-857-gcaf70739d4 (webtiles) character file.

Game seed: 18204985133679434507

178 FexLirch the Insei (level 5, -6/33 HPs)
             Began as an Octopode Transmuter on Mar 5, 2023.
             Killed by divine providence
             ... invoked by an orc priest
              (12 damage)
             ... on level 3 of the Dungeon.
             The game lasted 00:12:56 (2405 turns).

FexLirch the Insei (Octopode Transmuter)            Turns: 2405, Time: 00:12:57

Health: -6/33      AC:  1    Str:  9    XL:     5   Next: 58%
Magic:  7/8        EV: 13    Int: 18    God:
Gold:   172        SH:  0    Dex: 12    Spells: 5/8 levels left

rFire   . . .      SeeInvis .      - Unarmed
rCold   . . .      Faith    .    (no shield)
rNeg    . . .      Spirit   .    (helmet currently unavailable)
rPois   .          Reflect  .    (no amulet)
rElec   .          Rampage  .    p - ring of flight
rCorr   .                        (no ring)
Will    .....                    (no ring)
Stlth   ++                       (no ring)
HPRegen 0.25/turn                (no ring)
MPRegen 0.11/turn                (no ring)
                                 (no ring)
                                 (no ring)

@: appendages, flying
A: tentacle spike 3, almost no armour, amphibious, 8 rings, camouflage 1,
gelatinous body 1, (nimble swimmer 1), tentacles
a: End Transformation


You were on level 3 of the Dungeon.
One of your tentacles had grown a beastly spike.
You visited 1 branch of the dungeon, and saw 3 of its levels.

You collected 172 gold pieces.

Inventory:

Hand Weapons
 e - a +0 sling
Missiles
 f - 35 stones
 k - 6 poisoned darts
 m - 6 datura-tipped darts
Armour
 c - a +0 kite shield
Jewellery
 p - a ring of flight (left tentacle)
 r - an amulet of the acrobat
Scrolls
 b - a scroll of noise {unknown}
 h - a scroll of amnesia {unknown}
 l - a scroll of blinking {unknown}
 n - 5 scrolls of identify
 o - a scroll of immolation {unknown}
Potions
 a - 2 potions of lignification
 d - a potion of curing
 g - a potion of resistance {unknown}
 i - a potion of mutation {unknown}
 j - a potion of heal wounds {unknown}
 q - a potion of ambrosia {unknown}


   Skills:
 - Level 1.0 Fighting
 - Level 2.0 Dodging
 + Level 2.4 Shields
 + Level 4.3 Unarmed Combat
 - Level 2.0 Spellcasting
 + Level 3.6 Transmutations


You had 5 spell levels left.
You knew the following spells:

 Your Spells              Type           Power      Damage    Failure   Level
a - Beastly Appendage     Tmut           28%        N/A       4%          1
b - Wereblood             Tmut           14%        N/A       6%          2

Your spell library contained the following spells:

 Spells                   Type           Power      Damage    Failure   Level
 Magic Dart               Conj           4%         1d3       19%         1
 Shock                    Conj/Air       4%         1d3       19%         1
 Call Imp                 Summ           1%         N/A       26%         2
 Cigotuvi's Dreadful Rot  Necr/Pois/Air  2%         N/A       26%         2
 Static Discharge         Conj/Air       2%         2-3/arc   26%         2
 Spider Form              Tmut/Pois      8%         N/A       26%         3
 Dazzling Flash           Conj/Hex       2%         N/A       47%         3
 Mephitic Cloud           Conj/Pois/Air  1%         N/A       47%         3
 Stone Arrow              Conj/Erth      2%         3d7       47%         3
 Swiftness                Air            1%         N/A       47%         3
 Vhi's Electric Charge    Tloc/Air       2%         N/A       47%         3
 Ice Form                 Ice/Tmut       8%         N/A       65%         4
 Airstrike                Air            0%         2d(1-17)  87%         4
 Dispel Undead            Necr           1%         3d6       87%         4
 Alistair's Intoxication  Tmut/Pois      5%         N/A       94%         5
 Agony                    Necr           1%         N/A       99%         5
 Arcjolt                  Conj/Air       0%         1d10      99%         5
 Borgnjor's Vile Clutch   Necr/Erth      0%         N/A       99%         5
 Lightning Bolt           Conj/Air       0%         1d11      99%         5
 Silence                  Hex/Air        0%         N/A       99%         5
 Death Channel            Necr           0%         N/A       100%        6
 Eringya's Noxious Bog    Tmut/Pois      4%         N/A       100%        6
 Lehudib's Crystal Spear  Conj/Erth      0%         10d2      100%        8
 Animate Armour           Summ/Erth      Unusable   N/A       N/A         4

Dungeon Overview and Level Annotations

Branches:
Dungeon (3/15)

Altars:
Qazlal

Annotations:
D:3 2 runed translucent doors, hero57213's ghost, amateur MiFi


Innate Abilities, Weirdness & Mutations

One of your tentacles has grown a beastly spike.
You cannot wear most types of armour.
You are amphibious.
You can wear up to eight rings at the same time.
Your skin changes colour to match your surroundings (Stealth+).
Your rubbery body absorbs attacks. (AC +1, EV +1)
((You are camouflaged when in or above water. (Stealth+)))
You have tentacles for arms and can constrict up to eight enemies at once.


Message History

A rat, an orc and an orc priest come into view.
The orc shouts!
The orc priest shouts!
Items here: ( ) [ †.
The orc priest calls down the wrath of Beogh upon you.
Beogh smites you! The rat bites you.
The orc shouts!
You are too injured to fight recklessly!
The rat attacks as you move away! The rat closely misses you.
Items here: ( ) [ †.
The orc attacks as you move away! The orc hits you with a +0 flail!
* * * LOW HITPOINT WARNING * * *
The orc attacks as you move away! The orc closely misses you.
As you read the scroll labelled BAJEABR SIEZIN, it crumbles to dust.
It is a scroll of identify.
d - 3 potions of curing The orc hits you with a +0 flail.
* * * LOW HITPOINT WARNING * * *
You feel better. The orc hits you with a +0 flail!
* * * LOW HITPOINT WARNING * * *
Casting: Wereblood (safe; 6% risk of failure)
Confirm with . or Enter, or press ? or * to list all spells.
One of your tentacles grows a vicious spike.
The orc barely misses you.
You tentacle-slap the orc. You grab the orc. You squeeze the orc.
The orc is heavily wounded.
You constrict the orc. The orc barely misses you.
The orc priest casts a cantrip, but nothing happens.
You tentacle-slap the orc but do no damage.
The orc is heavily wounded.
You constrict the orc, but do no damage.
The rat twitches its whiskers.
The orc hits you with a +0 flail!
* * * LOW HITPOINT WARNING * * *
You feel better.
You constrict the orc, but do no damage.
The orc hits you with a +0 flail.
* * * LOW HITPOINT WARNING * * *
The orc priest mumbles some strange prayers to Beogh against you.
Beogh smites you!
You die...

####### ######.#..##.........#
......# #......#..##.##..##..#
.####.# ####'####.#.....##..##...
.####.###.......###.###....†..#.#
.......#.8#####8.#......##..#.#.#
.####.##.##...##.#..######......#
.####.## #?8.8.#.#..#######.#.###
......# #..>.o#.#..........#.##
####### #.8o8.#@#.#########...# #
#...##o#. #..<# # #.8##)##8o#.###
#...## ### ###.....or## ..#
#..... ..# #.#########
#.#######..^## #.# #......#.#
#.##.......... #.# #........#
#............. #.# #......#.#
#.##.......... #.#
#.....)..#####.#######.....


You could see an orc priest, 2 orcs and a rat.

Vanquished Creatures
  Natasha (twice) (D:3)
  Robin (D:3)
  A gnoll (D:1)
  2 worms (D:2)
  2 dart slugs (D:1)
  2 orcs (D:3)
  4 ball pythons
  6 endoplasms
  2 giant cockroaches (D:1)
  20 goblins
  11 hobgoblins
  9 jackals
  5 kobolds
  4 quokkas
  7 bats
  2 frilled lizards
  3 rats
83 creatures vanquished.

Vanquished Creatures (others)
  2 plants (D:3)
2 creatures vanquished.

Grand Total: 85 creatures vanquished

Notes
Turn   | Place    | Note
-------+----------+-------------------------------------------
     0 | D:1      | FexLirch the Octopode Transmuter began the quest for the
                  | Orb.
     0 | D:1      | Reached XP level 1. HP: 13/13 MP: 3/3
   180 | D:1      | Reached XP level 2. HP: 6/18 MP: 3/5
   239 | D:1      | Learned a level 2 spell: Wereblood
   458 | D:1      | Reached XP level 3. HP: 23/23 MP: 6/6
   530 | D:1      | Reached skill level 1 in Shields
   785 | D:2      | Found a faded altar of an unknown god.
   937 | D:2      | Reached XP level 4. HP: 26/28 MP: 4/7
  1488 | D:3      | Found a runed translucent door.
  1618 | D:3      | Found a stormy altar of Qazlal.
  1797 | D:3      | Found a runed translucent door.
  1803 | D:3      | Noticed hero57213's ghost (amateur MiFi)
  1826 | D:3      | Noticed Natasha
  1833 | D:3      | Killed Natasha
  1834 | D:3      | Reached skill level 4 in Unarmed Combat
  1940 | D:3      | Noticed Natasha
  1949 | D:3      | Killed Natasha
  1950 | D:3      | Reached XP level 5. HP: 33/33 MP: 6/8
  2135 | D:3      | Noticed Robin
  2192 | D:3      | Killed Robin
  2405 | D:3      | Killed from afar by an orc priest

Illustrated notes

Levels and vault maps discovered:
D:1:      evilmike_arrival_crescent, layout_rooms
D:2:      layout_loops_cross, shapermc_ecumenical_altar_pompeii
D:3:      layout_loops_cross, mainiacjoe_overflow_alcove_1,
          ebering_ghost_sewer_f, serial_bayou_pond_a,
          chequers_serial_rivers_micro_a, grunt_ministairs_11, hex_tiny,
          uniq_natasha, uniq_robin

Skill      XL: |  1  2  3  4 |
---------------+-------------+-----
Shields        | 1 2 |  2.4
Transmutations | 3 |  3.6
Unarmed Combat | 4 |  4.3
Fighting       | |  1.0
Dodging        | |  2.0
Spellcasting   | |  2.0

Action                     |  1- 3 |  4- 6 || total
---------------------------+-------+-------++-------
  Melee: Unarmed           |    52 |    75 ||   127
         Kick              |    18 |    20 ||    38
         Constrict         |    17 |    23 ||    40
         Tentacles         |     8 |    12 ||    20
         Punch             |     2 |     2 ||     4
   Fire: Sling             |    36 |    41 ||    77
   Cast: Beastly Appendage |    13 |    19 ||    32
         Wereblood         |     3 |     6 ||     9
    Use: Potion            |       |     2 ||     2
         Scroll            |       |     1 ||     1
   Stab: Sleeping          |     4 |     1 ||     5
 Armour: Skin              |     9 |    12 ||    21
  Dodge: Dodged            |    27 |    60 ||    87
  Block: Kite shield       |     4 |       ||     4

Table legend: (Time is in decaauts)
 A = Elapsed time spent in this place.
 B = Non-inter-level travel time spent in this place.
 C = Inter-level travel time spent in this place.
 D = Time resting spent in this place.
 E = Time spent auto-exploring this place.
 F = Levels seen in this place.
 G = Mean time per level.
                   A        B        C        D        E       F      G
               +--------+--------+--------+--------+--------+-----+--------+
         Total |   2417 |   2305 |    112 |     44 |   1621 |   3 |  805.7 |
       Dungeon |   2417 |   2305 |    112 |     44 |   1621 |   3 |  805.7 |
               +--------+--------+--------+--------+--------+-----+--------+

Top non-repeatable levels by time:
     D:3: 937 daAuts
     D:1: 791 daAuts
     D:2: 688 daAuts
